Oilers vs Coyotes

Created - 21 janvier 2024 at 11:31

Goals
1 2 3 OT1 SO T
Oilers 1 0 1 0 1 3
Coyotes 0 2 0 0 0 2
Shots
1 2 3 OT1 SO T
Oilers 8 3 13 1 3 25
Coyotes 3 17 8 0 3 28

GoalsPenalties
1st period
1. Oilers , Wade Allison 3 (Jared McCann 22, Noah Gregor 12) at 3:02
2nd period
2. Coyotes , Jake DeBrusk 17 (Alex DeBrincat 40, Tim Stützle 45) at 18:04 (PP)
3. Coyotes , Alex DeBrincat 36 (Noah Dobson 27, Tim Stützle 46) at 19:28
Rasmus Dahlin (EDM) for Holding (Minor) at 17:46
Brett Kulak (EDM) for Interference (Minor) at 19:45
3rd period
4. Oilers , Chris Tierney 6 (Chris Kreider 16) at 16:21
Rasmus Dahlin (EDM) for Holding (Minor) at 13:19
Jordan Eberle (PHO) for Goalie Interference (Minor) at 17:46
Overtime #1
No Goal
Shootout
Oilers, Rasmus Dahlin - Shot Misses the Net
Coyotes, Tim Stützle - Shot Misses the Net
Oilers, Adrian Kempe - Stopped by Jake Oettinger
Coyotes, Alex DeBrincat - Stopped by Cam Talbot
Oilers, Jared McCann - Goal!
Coyotes, Patrick Kane - Stopped by Cam Talbot
Goalie Stats
Cam Talbot (EDM), 26 saves from 28 shots - (0,929), W, 23-17-7, 65:00 minutes
Jake Oettinger (PHO), 23 saves from 25 shots - (0,920), OTL, 29-12-5, 65:00 minutes
3 StarsOfficial
1 - Alex DeBrincat (PHO)
2 - Wade Allison (EDM)
3 - Tim Stützle (PHO)
Referees : Edward Grudzinski and Justin St. Pierre
Linesman : Mark Shewchyk and Lisa Linnek
Game Note
16:54 of 3rd period - Oilers goal is going for a video replay. After video review, No Goal. The referee deems the play has been stopped, even if he had not physically had the opportunity to stop play by blowing his whistle.
Finance
Level 1 -- Attendance: 6150 (100%) -- Ticket Income $535,050
Level 2 -- Attendance: 4762 (92%) -- Ticket Income $252,386
Level 3 -- Attendance: 3806 (64%) -- Ticket Income $53,284
Level 4 -- Attendance: 4300 (100%) -- Ticket Income $55,900
Luxury Box -- Attendance: 960 (91%) -- Ticket Income $171,840
Game was played at the Glendale Arena.
Total Attendance: 19978 (88%)
Total Ticket Income: $1,068,460
Other Income: $320,538
Total Income: $1,388,998



Team Name Goals Shots Shots Attemp Shots Blocked PIM HIT PP PK FO%
Oilers 32544106230 / 1 (0%)148%
Coyotes 2285172271 / 3 (33%)052%

Oilers
Player Name POS G A P +/- PIM HIT SHT SB MP PP MP PP SHT PK MP PK SHT FO% FOT GA TA
Adam HenriqueC/LW000-1024124:331:1201:31147% 1911
Adrian KempeLW/RW0000022120:161:1202:2600% 010
Boris KatchoukLW0000001114:230:0000:030100% 201
Brett KulakD0002210116:231:2700:0000% 002
Chris KreiderLW0111041018:101:1200:0000% 000
Chris TierneyC1011011021:210:0001:47053% 1710
Denis MalginLW/RW000000007:430:4700:4400% 100
Frank VatranoLW/RW000-1003119:380:4710:00033% 300
Jack JohnsonD000-1031118:450:2601:3200% 010
Jared McCannC/LW0110005024:430:4712:01146% 1311
Joel EdmundsonD0001041327:410:0002:4400% 002
Kurtis MacDermidD0000010013:260:0001:3200% 000
Marco ScandellaD0000000012:180:0000:0000% 000
Nick BlankenburgD000000000:340:3200:0000% 000
Noah GregorLW/RW0112010014:210:0000:00050% 200
Radko GudasD0000011020:340:0002:4400% 001
Rasmus DahlinD0000413120:131:3310:0000% 000
Wade AllisonRW1011022015:390:0000:0000% 100
Coyotes
Player Name POS G A P +/- PIM HIT SHT SB MP PP MP PP SHT PK MP PK SHT FO% FOT GA TA
Alex DeBrincatLW/RW1121043025:022:0800:3600% 041
Bowen ByramD000-1010016:111:5500:3200% 000
Brayden McNabbD0001021222:030:0601:2700% 001
Drake BathersonRW000-2010014:251:3800:0000% 000
Jacob BrysonD000000003:030:0000:0000% 000
Jake DeBruskLW/RW1010006121:042:3230:0000% 010
Jordan EberleRW0001211016:520:1600:0000% 001
Lucas RaymondLW/RW000-2013014:281:3800:000100% 100
Marc StaalD000-1030220:500:0000:3200% 001
Noah DobsonD0111011123:312:2101:2700% 010
Patrick KaneRW0000002119:032:3800:0000% 110
Rasmus SandinD000-1011015:280:0000:0000% 000
Rem PitlickC/LW/RW0000001013:060:2700:10033% 900
Ross ColtonC/LW0000051021:021:3801:13067% 1800
Taylor RaddyshRW0000011010:380:0001:2300% 000
Tim StützleC0221036022:292:0800:00044% 2701
Travis BoydC/RW000-2010012:480:0000:360100% 200
Vince DunnD000-1021020:571:5500:0000% 010

Oilers

5 vs 5 Forward
Line #Left WingCenterRight WingPHYDFOFWanted %Time %Time Play
1Jared McCannAdam HenriqueFrank Vatrano0323736%19:37
2Adrian KempeChris TierneyChris Kreider0323329%15:41
3Noah GregorJared McCannWade Allison1222221%11:03
4Boris KatchoukChris TierneyWade Allison131814%7:24
5 vs 5 Defense
Line #DefenseDefensePHYDFOFWanted %Time %Time Play
1Jack JohnsonJoel Edmundson1314033%17:37
2Rasmus DahlinRadko Gudas0233032%17:02
3Brett KulakJoel Edmundson1312013%7:12
4Marco ScandellaKurtis MacDermid1311022%11:54
Power Play Forward
Line #Left WingCenterRight WingPHYDFOFWanted %Time %Time Play
1Chris KreiderAdam HenriqueAdrian Kempe0145161%1:12
2Denis MalginJared McCannFrank Vatrano0144939%0:47
Power Play Defense
Line #DefenseDefensePHYDFOFWanted %Time %Time Play
1Brett KulakRasmus Dahlin0055373%1:27
2Rasmus DahlinNick Blankenburg0054727%0:32
Penalty Kill 4 Players Forward
Line #CenterWingPHYDFOFWanted %Time %Time Play
1Jared McCannAdrian Kempe1405158%2:29
2Chris TierneyAdam Henrique1404942%1:47
Penalty Kill 4 Players Defense
Line #DefenseDefensePHYDFOFWanted %Time %Time Play
1Joel EdmundsonRadko Gudas1405664%2:44
2Jack JohnsonKurtis MacDermid1404436%1:32
Penalty Kill 3 Players
Line #WingPHYDFOFWanted %Time %Time PlayDefenseDefensePHYDFOFWanted %Time %Time Play
1Boris Katchouk140550%0:00 Marco ScandellaRadko Gudas140550%0:00
2Chris Tierney140450%0:00 Brett KulakKurtis MacDermid140450%0:00
4 vs 4 Forward
Line #CenterWingPHYDFOFWanted %Time %Time Play
1Adam HenriqueAdrian Kempe122600%0:00
2Jared McCannAdam Henrique122400%0:00
4 vs 4 Defense
Line #DefensePHYDFOFWanted %Time %Time Play
1Rasmus DahlinRadko Gudas122600%0:00
2Brett KulakNick Blankenburg122400%0:00
Last Minutes Offensive
Left WingCenterRight WingDefenseDefense
Chris KreiderDenis MalginAdrian KempeBrett KulakNick Blankenburg
Last Minutes Defensive
Left WingCenterRight WingDefenseDefense
Boris KatchoukChris TierneyNoah GregorMarco ScandellaJack Johnson
Time
Total ForwardTotal DefenseLast Minutes OffensiveLast Minutes Defensive
60:00 60:00 0:000:00
Extra Forwards
Normal PowerPlayPenalty Kill
Chris Kreider, Noah Gregor, Boris KatchoukFrank Vatrano, Boris KatchoukDenis Malgin
Extra Defensemen
Normal PowerPlayPenalty Kill
Jack Johnson, Joel Edmundson, Marco ScandellaJack Johnson, Joel EdmundsonMarco Scandella
Penalty Shots
Rasmus Dahlin, Adrian Kempe, Jared McCann, Adam Henrique, Frank Vatrano
Goalie
Cam Talbot, Petr Mrazek
Scratches
Nico Hischier (Upper Body Injury), Tucker Poolman (Healthy)

Coyotes

5 vs 5 Forward
Line #Left WingCenterRight WingPHYDFOFWanted %Time %Time Play
1Alex DeBrincatTim StützleJordan Eberle0234230%16:23
2Jake DeBruskRoss ColtonPatrick Kane0233332%17:02
3Lucas RaymondTravis BoydDrake Batherson1221922%11:39
4Tim StützleRem PitlickTaylor Raddysh032616%8:41
5 vs 5 Defense
Line #DefenseDefensePHYDFOFWanted %Time %Time Play
1Brayden McNabbNoah Dobson1224037%19:43
2Vince DunnMarc Staal1224035%19:02
3Rasmus SandinBowen Byram1221526%13:44
4Brayden McNabbMarc Staal13152%1:16
Power Play Forward
Line #Left WingCenterRight WingPHYDFOFWanted %Time %Time Play
1Alex DeBrincatTim StützlePatrick Kane0147062%2:38
2Lucas RaymondRoss ColtonDrake Batherson0143038%1:38
Power Play Defense
Line #DefenseDefensePHYDFOFWanted %Time %Time Play
1Jake DeBruskNoah Dobson0146555%2:21
2Vince DunnBowen Byram0143545%1:55
Penalty Kill 4 Players Forward
Line #CenterWingPHYDFOFWanted %Time %Time Play
1Ross ColtonTaylor Raddysh1316070%1:23
2Travis BoydJordan Eberle1314030%0:36
Penalty Kill 4 Players Defense
Line #DefenseDefensePHYDFOFWanted %Time %Time Play
1Brayden McNabbNoah Dobson1406073%1:27
2Bowen ByramMarc Staal1404027%0:32
Penalty Kill 3 Players
Line #WingPHYDFOFWanted %Time %Time PlayDefenseDefensePHYDFOFWanted %Time %Time Play
1Ross Colton050600%0:00 Brayden McNabbNoah Dobson050600%0:00
2Travis Boyd050400%0:00 Bowen ByramMarc Staal050400%0:00
4 vs 4 Forward
Line #CenterWingPHYDFOFWanted %Time %Time Play
1Tim StützleAlex DeBrincat023600%0:00
2Jake DeBruskPatrick Kane023400%0:00
4 vs 4 Defense
Line #DefensePHYDFOFWanted %Time %Time Play
1Brayden McNabbNoah Dobson032600%0:00
2Vince DunnMarc Staal032400%0:00
Last Minutes Offensive
Left WingCenterRight WingDefenseDefense
Alex DeBrincatTim StützlePatrick KaneVince DunnNoah Dobson
Last Minutes Defensive
Left WingCenterRight WingDefenseDefense
Jake DeBruskTim StützleTravis BoydBrayden McNabbMarc Staal
Time
Total ForwardTotal DefenseLast Minutes OffensiveLast Minutes Defensive
60:00 60:00 0:000:00
Extra Forwards
Normal PowerPlayPenalty Kill
Drake Batherson, Lucas Raymond, Patrick KaneJordan Eberle, Drake BathersonTaylor Raddysh
Extra Defensemen
Normal PowerPlayPenalty Kill
Noah Dobson, Bowen Byram, Vince DunnBrayden McNabb, Bowen ByramVince Dunn
Penalty Shots
Tim Stützle, Alex DeBrincat, Patrick Kane, Jake DeBrusk, Drake Batherson
Goalie
Jake Oettinger, Dan Vladar
Scratches
Colin White (Healthy), Angus Crookshank (Healthy), Jack Quinn (Healthy)


Play-by-Play

1st period


0:01 of 1st period - Jared McCann wins face-off versus Tim Stützle in neutral zone.
0:04 of 1st period - Snap shot by Jared McCann.
0:04 of 1st period - Shot Blocked by Brayden McNabb.
0:06 of 1st period - Snap shot by Frank Vatrano.
0:06 of 1st period - Stopped by Jake Oettinger without a rebound.
0:07 of 1st period - Tim Stützle wins face-off versus Adam Henrique in Coyotes zone.
0:16 of 1st period - Backhand shot by Adam Henrique.
0:16 of 1st period - Stopped by Jake Oettinger without a rebound.
0:17 of 1st period - Ross Colton wins face-off versus Chris Tierney in Coyotes zone.
0:31 of 1st period - Marc Staal is hit by Chris Kreider and loses puck.
0:38 of 1st period - Vince Dunn is hit by Chris Kreider and loses puck.
0:51 of 1st period - Wrist shot by Chris Kreider.
0:51 of 1st period - Shot Misses the Net.
1:15 of 1st period - Slapshot by Rasmus Dahlin.
1:15 of 1st period - Deflect By Chris Kreider.
1:15 of 1st period - Stopped by Jake Oettinger with a rebound.
1:43 of 1st period - Wrist shot by Jake DeBrusk.
1:43 of 1st period - Stopped by Cam Talbot without a rebound.
1:44 of 1st period - Tim Stützle wins face-off versus Jared McCann in Oilers zone.
2:11 of 1st period - Drake Batherson is hit by Joel Edmundson and loses puck.
2:29 of 1st period - Off-side.
2:30 of 1st period - Adam Henrique wins face-off versus Rem Pitlick in neutral zone.
3:00 of 1st period - Wrist shot by Jared McCann.
3:00 of 1st period - Shot Misses the Net.
3:02 of 1st period - Snap shot by Wade Allison.
3:02 of 1st period - Goal by Wade Allison - Oilers : 1 - Coyotes : 0.
3:03 of 1st period - Tim Stützle wins face-off versus Chris Tierney in neutral zone.
3:14 of 1st period - Snap shot by Tim Stützle.
3:14 of 1st period - Shot Misses the Net.
3:30 of 1st period - Jack Johnson is hit by Lucas Raymond and loses puck.
3:39 of 1st period - Wrist shot by Drake Batherson.
3:39 of 1st period - Shot Blocked by Joel Edmundson.
3:41 of 1st period - Slapshot by Travis Boyd.
3:41 of 1st period - Deflect By Lucas Raymond.
3:41 of 1st period - Shot Blocked by Joel Edmundson.
3:41 of 1st period - Puck is out of play.
3:42 of 1st period - Tim Stützle wins face-off versus Jared McCann in Oilers zone.
3:52 of 1st period - Icing by Jared McCann.
3:53 of 1st period - Jared McCann wins face-off versus Tim Stützle in Oilers zone.
3:53 of 1st period - Jared McCann is hit by Marc Staal.
4:13 of 1st period - Wrist shot by Noah Gregor.
4:13 of 1st period - Shot Misses the Net.
4:19 of 1st period - Noah Gregor is hit by Brayden McNabb and loses puck.
5:08 of 1st period - Snap shot by Jared McCann.
5:08 of 1st period - Stopped by Jake Oettinger without a rebound.
5:09 of 1st period - Chris Tierney wins face-off versus Tim Stützle in Coyotes zone.
5:22 of 1st period - Tim Stützle is hit by Joel Edmundson and loses puck.
5:35 of 1st period - Alex DeBrincat is hit by Adam Henrique and loses puck.
7:21 of 1st period - Brayden McNabb is hit by Kurtis MacDermid and loses puck.
7:30 of 1st period - Noah Dobson is hit by Adrian Kempe and loses puck.
7:55 of 1st period - Marc Staal is hit by Rasmus Dahlin.
8:56 of 1st period - Tim Stützle is hit by Jack Johnson and loses puck.
9:17 of 1st period - Backhand shot by Drake Batherson.
9:17 of 1st period - Shot Blocked by Frank Vatrano.
9:52 of 1st period - Boris Katchouk is hit by Marc Staal and loses puck.
10:35 of 1st period - Rasmus Dahlin is hit by Ross Colton and loses puck.
11:43 of 1st period - Snap shot by Jordan Eberle.
11:43 of 1st period - Stopped by Cam Talbot with a rebound.
11:45 of 1st period - Wrist shot by Lucas Raymond.
11:45 of 1st period - Shot Misses the Net.
14:22 of 1st period - Chris Kreider is hit by Tim Stützle.
14:43 of 1st period - Wade Allison is hit by Noah Dobson.
15:11 of 1st period - Wrist shot by Noah Gregor.
15:11 of 1st period - Deflect By Denis Malgin.
15:11 of 1st period - Shot Misses the Net.
15:11 of 1st period - Puck is out of play.
15:12 of 1st period - Boris Katchouk wins face-off versus Rem Pitlick in Coyotes zone.
15:36 of 1st period - Wrist shot by Adrian Kempe.
15:36 of 1st period - Stopped by Jake Oettinger with a rebound.
16:12 of 1st period - Off-side.
16:13 of 1st period - Lucas Raymond wins face-off versus Chris Tierney in neutral zone.
17:08 of 1st period - Snap shot by Adrian Kempe.
17:08 of 1st period - Deflect By Jordan Eberle.
17:08 of 1st period - Stopped by Jake Oettinger with a rebound.
17:14 of 1st period - Chris Tierney is hit by Jordan Eberle and loses puck.
17:23 of 1st period - Slapshot by Jordan Eberle.
17:23 of 1st period - Deflect By Alex DeBrincat.
17:23 of 1st period - Deflect By Adrian Kempe.
17:23 of 1st period - Shot Misses the Net.
17:23 of 1st period - Puck is out of play.
17:24 of 1st period - Ross Colton wins face-off versus Frank Vatrano in Oilers zone.
17:33 of 1st period - Snap shot by Frank Vatrano.
17:33 of 1st period - Stopped by Jake Oettinger with a rebound.
18:35 of 1st period - Vince Dunn is hit by Adam Henrique and loses puck.
18:50 of 1st period - Snap shot by Tim Stützle.
18:50 of 1st period - Stopped by Cam Talbot with a rebound.
19:26 of 1st period - Adrian Kempe is hit by Travis Boyd and loses puck.
Goals for this period are 1 for Oilers vs 0 for Coyotes.
Shots for this period are 8 for Oilers vs 3 for Coyotes.

2nd period


0:01 of 2nd period - Adam Henrique wins face-off versus Tim Stützle in neutral zone.
0:06 of 2nd period - Snap shot by Adam Henrique.
0:06 of 2nd period - Shot Misses the Net.
0:33 of 2nd period - Icing by Noah Dobson.
0:34 of 2nd period - Ross Colton wins face-off versus Adam Henrique in Coyotes zone.
0:38 of 2nd period - Off-side.
0:39 of 2nd period - Adam Henrique wins face-off versus Tim Stützle in neutral zone.
1:05 of 2nd period - Joel Edmundson is hit by Ross Colton and loses puck.
1:28 of 2nd period - Slapshot by Drake Batherson.
1:28 of 2nd period - Shot Misses the Net.
1:34 of 2nd period - Drake Batherson is hit by Wade Allison.
1:52 of 2nd period - Tim Stützle is hit by Radko Gudas and loses puck.
2:09 of 2nd period - Adam Henrique is hit by Ross Colton.
2:21 of 2nd period - Slapshot by Brayden McNabb.
2:21 of 2nd period - Stopped by Cam Talbot without a rebound.
2:22 of 2nd period - Rem Pitlick wins face-off versus Adam Henrique in Oilers zone.
2:31 of 2nd period - Snap shot by Tim Stützle.
2:31 of 2nd period - Stopped by Cam Talbot without a rebound.
2:32 of 2nd period - Adam Henrique wins face-off versus Tim Stützle in Oilers zone.
2:45 of 2nd period - Slapshot by Jared McCann.
2:45 of 2nd period - Shot Misses the Net.
3:40 of 2nd period - Snap shot by Tim Stützle.
3:40 of 2nd period - Stopped by Cam Talbot with a rebound.
3:42 of 2nd period - Slapshot by Rasmus Sandin.
3:42 of 2nd period - Shot Blocked by Brett Kulak.
3:44 of 2nd period - Snap shot by Bowen Byram.
3:44 of 2nd period - Shot Misses the Net.
3:46 of 2nd period - Wrist shot by Tim Stützle.
3:46 of 2nd period - Shot Misses the Net.
3:48 of 2nd period - Slapshot by Rasmus Sandin.
3:48 of 2nd period - Stopped by Cam Talbot without a rebound.
3:49 of 2nd period - Chris Tierney wins face-off versus Ross Colton in Oilers zone.
4:37 of 2nd period - Travis Boyd is hit by Wade Allison and loses puck.
8:08 of 2nd period - Vince Dunn is hit by Noah Gregor and loses puck.
8:21 of 2nd period - Snap shot by Rem Pitlick.
8:21 of 2nd period - Stopped by Cam Talbot with a rebound.
8:23 of 2nd period - Wrist shot by Vince Dunn.
8:23 of 2nd period - Stopped by Cam Talbot with a rebound.
9:13 of 2nd period - Snap shot by Tim Stützle.
9:13 of 2nd period - Stopped by Cam Talbot with a rebound.
11:07 of 2nd period - Jake DeBrusk is hit by Brett Kulak and loses puck.
11:20 of 2nd period - Jared McCann is hit by Alex DeBrincat and loses puck.
12:52 of 2nd period - Marco Scandella is hit by Marc Staal and loses puck.
12:57 of 2nd period - Wrist shot by Lucas Raymond.
12:57 of 2nd period - Stopped by Cam Talbot with a rebound.
12:59 of 2nd period - Slapshot by Alex DeBrincat.
12:59 of 2nd period - Shot Misses the Net.
13:27 of 2nd period - Radko Gudas is hit by Ross Colton and loses puck.
14:11 of 2nd period - Jared McCann is hit by Tim Stützle.
15:15 of 2nd period - Jared McCann is hit by Vince Dunn and loses puck.
16:20 of 2nd period - Adrian Kempe is hit by Rasmus Sandin and loses puck.
16:50 of 2nd period - Snap shot by Alex DeBrincat.
16:50 of 2nd period - Shot Misses the Net.
17:10 of 2nd period - Snap shot by Boris Katchouk.
17:10 of 2nd period - Stopped by Jake Oettinger with a rebound.
17:43 of 2nd period - Off-side.
17:44 of 2nd period - Chris Tierney wins face-off versus Rem Pitlick in neutral zone.
17:46 of 2nd period - Minor Penalty to Rasmus Dahlin for Holding.
17:47 of 2nd period - Jared McCann wins face-off versus Tim Stützle in Oilers zone.
17:55 of 2nd period - Snap shot by Jared McCann.
17:55 of 2nd period - Stopped by Jake Oettinger without a rebound.
17:56 of 2nd period - Tim Stützle wins face-off versus Jared McCann in Coyotes zone.
17:58 of 2nd period - Icing by Patrick Kane.
17:59 of 2nd period - Tim Stützle wins face-off versus Jared McCann in Coyotes zone.
18:04 of 2nd period - Slapshot by Jake DeBrusk.
18:04 of 2nd period - Goal by Jake DeBrusk - Oilers : 1 - Coyotes : 1.
18:05 of 2nd period - Frank Vatrano wins face-off versus Tim Stützle in neutral zone.
18:15 of 2nd period - Slapshot by Adam Henrique.
18:15 of 2nd period - Stopped by Jake Oettinger without a rebound.
18:16 of 2nd period - Tim Stützle wins face-off versus Adam Henrique in Coyotes zone.
18:16 of 2nd period - Tim Stützle is hit by Joel Edmundson.
19:00 of 2nd period - Snap shot by Alex DeBrincat.
19:00 of 2nd period - Stopped by Cam Talbot with a rebound.
19:06 of 2nd period - Slapshot by Tim Stützle.
19:06 of 2nd period - Stopped by Cam Talbot with a rebound.
19:10 of 2nd period - Snap shot by Tim Stützle.
19:10 of 2nd period - Stopped by Cam Talbot with a rebound.
19:24 of 2nd period - Slapshot by Alex DeBrincat.
19:24 of 2nd period - Shot Blocked by Joel Edmundson.
19:26 of 2nd period - Wrist shot by Noah Dobson.
19:26 of 2nd period - Stopped by Cam Talbot with a rebound.
19:28 of 2nd period - Snap shot by Alex DeBrincat.
19:28 of 2nd period - Goal by Alex DeBrincat - Oilers : 1 - Coyotes : 2.
19:29 of 2nd period - Ross Colton wins face-off versus Chris Tierney in neutral zone.
19:42 of 2nd period - Snap shot by Patrick Kane.
19:42 of 2nd period - Stopped by Cam Talbot without a rebound.
19:43 of 2nd period - Chris Tierney wins face-off versus Ross Colton in Oilers zone.
19:45 of 2nd period - Minor Penalty to Brett Kulak for Interference.
19:46 of 2nd period - Tim Stützle wins face-off versus Jared McCann in Oilers zone.
19:48 of 2nd period - Snap shot by Patrick Kane.
19:48 of 2nd period - Shot Blocked by Adrian Kempe.
19:50 of 2nd period - Slapshot by Jake DeBrusk.
19:50 of 2nd period - Stopped by Cam Talbot with a rebound.
19:52 of 2nd period - Slapshot by Jake DeBrusk.
19:52 of 2nd period - Stopped by Cam Talbot without a rebound.
19:53 of 2nd period - Jared McCann wins face-off versus Tim Stützle in Oilers zone.
Goals for this period are 0 for Oilers vs 2 for Coyotes.
Shots for this period are 3 for Oilers vs 17 for Coyotes.

3rd period


0:01 of 3rd period - Jared McCann wins face-off versus Tim Stützle in neutral zone.
0:06 of 3rd period - Snap shot by Adrian Kempe.
0:06 of 3rd period - Shot Blocked by Jake DeBrusk.
0:31 of 3rd period - Off-side.
0:32 of 3rd period - Chris Tierney wins face-off versus Patrick Kane in neutral zone.
0:37 of 3rd period - Slapshot by Adam Henrique.
0:37 of 3rd period - Stopped by Jake Oettinger without a rebound.
0:38 of 3rd period - Tim Stützle wins face-off versus Jared McCann in Coyotes zone.
0:49 of 3rd period - Snap shot by Tim Stützle.
0:49 of 3rd period - Shot Blocked by Jack Johnson.
1:45 of 3rd period - Penalty to Brett Kulak is over, Brett Kulak is back on ice.
3:04 of 3rd period - Icing by Marc Staal.
3:05 of 3rd period - Adam Henrique wins face-off versus Ross Colton in Coyotes zone.
3:29 of 3rd period - Wade Allison is hit by Vince Dunn and loses puck.
4:56 of 3rd period - Icing by Adrian Kempe.
4:57 of 3rd period - Noah Gregor wins face-off versus Tim Stützle in Oilers zone.
5:16 of 3rd period - Snap shot by Jared McCann.
5:16 of 3rd period - Stopped by Jake Oettinger with a rebound.
6:14 of 3rd period - Adam Henrique is hit by Bowen Byram and loses puck.
6:26 of 3rd period - Bowen Byram is hit by Jack Johnson and loses puck.
7:15 of 3rd period - Slapshot by Ross Colton.
7:15 of 3rd period - Stopped by Cam Talbot without a rebound.
7:16 of 3rd period - Boris Katchouk wins face-off versus Ross Colton in Oilers zone.
7:32 of 3rd period - Wrist shot by Jake DeBrusk.
7:32 of 3rd period - Shot Misses the Net.
7:34 of 3rd period - Snap shot by Brayden McNabb.
7:34 of 3rd period - Shot Misses the Net.
7:36 of 3rd period - Wrist shot by Ross Colton.
7:36 of 3rd period - Shot Blocked by Adam Henrique.
7:38 of 3rd period - Slapshot by Ross Colton.
7:38 of 3rd period - Shot Misses the Net.
7:40 of 3rd period - Wrist shot by Jake DeBrusk.
7:40 of 3rd period - Stopped by Cam Talbot with a rebound.
7:42 of 3rd period - Slapshot by Patrick Kane.
7:42 of 3rd period - Stopped by Cam Talbot with a rebound.
7:50 of 3rd period - Wrist shot by Jake DeBrusk.
7:50 of 3rd period - Stopped by Cam Talbot without a rebound.
7:51 of 3rd period - Chris Tierney wins face-off versus Tim Stützle in Oilers zone.
7:57 of 3rd period - Off-side.
7:58 of 3rd period - Chris Tierney wins face-off versus Tim Stützle in neutral zone.
8:02 of 3rd period - Slapshot by Jack Johnson.
8:02 of 3rd period - Shot Misses the Net.
8:04 of 3rd period - Slapshot by Joel Edmundson.
8:04 of 3rd period - Stopped by Jake Oettinger without a rebound.
8:05 of 3rd period - Chris Tierney wins face-off versus Tim Stützle in Coyotes zone.
8:32 of 3rd period - Jared McCann is hit by Ross Colton and loses puck.
8:55 of 3rd period - Slapshot by Jared McCann.
8:55 of 3rd period - Stopped by Jake Oettinger with a rebound.
8:57 of 3rd period - Snap shot by Radko Gudas.
8:57 of 3rd period - Deflect By Jared McCann.
8:57 of 3rd period - Shot Blocked by Patrick Kane.
8:57 of 3rd period - Puck is out of play.
8:58 of 3rd period - Tim Stützle wins face-off versus Wade Allison in Coyotes zone.
9:32 of 3rd period - Rasmus Dahlin is hit by Brayden McNabb and loses puck.
9:45 of 3rd period - Patrick Kane is hit by Adrian Kempe and loses puck.
10:13 of 3rd period - Boris Katchouk is hit by Tim Stützle and loses puck.
10:52 of 3rd period - Snap shot by Taylor Raddysh.
10:52 of 3rd period - Stopped by Cam Talbot with a rebound.
11:18 of 3rd period - Brett Kulak is hit by Drake Batherson and loses puck.
11:58 of 3rd period - Icing by Brett Kulak.
11:59 of 3rd period - Travis Boyd wins face-off versus Chris Tierney in Oilers zone.
12:00 of 3rd period - Wrist shot by Lucas Raymond.
12:00 of 3rd period - Stopped by Cam Talbot without a rebound.
12:01 of 3rd period - Travis Boyd wins face-off versus Chris Tierney in Oilers zone.
12:06 of 3rd period - Wrist shot by Lucas Raymond.
12:06 of 3rd period - Stopped by Cam Talbot without a rebound.
12:07 of 3rd period - Adam Henrique wins face-off versus Tim Stützle in Oilers zone.
12:14 of 3rd period - Snap shot by Rasmus Dahlin.
12:14 of 3rd period - Shot Blocked by Marc Staal.
12:16 of 3rd period - Backhand shot by Rasmus Dahlin.
12:16 of 3rd period - Stopped by Jake Oettinger without a rebound.
12:17 of 3rd period - Tim Stützle wins face-off versus Adam Henrique in Coyotes zone.
12:17 of 3rd period - Tim Stützle is hit by Joel Edmundson.
12:27 of 3rd period - Frank Vatrano is hit by Alex DeBrincat and loses puck.
12:43 of 3rd period - Wrist shot by Jared McCann.
12:43 of 3rd period - Shot Blocked by Noah Dobson.
12:55 of 3rd period - Wrist shot by Alex DeBrincat.
12:55 of 3rd period - Shot Misses the Net.
13:12 of 3rd period - Wrist shot by Tim Stützle.
13:12 of 3rd period - Shot Blocked by Rasmus Dahlin.
13:19 of 3rd period - Minor Penalty to Rasmus Dahlin for Holding.
13:20 of 3rd period - Ross Colton wins face-off versus Denis Malgin in Oilers zone.
15:19 of 3rd period - Penalty to Rasmus Dahlin is over, Rasmus Dahlin is back on ice.
15:54 of 3rd period - Snap shot by Rasmus Dahlin.
15:54 of 3rd period - Stopped by Jake Oettinger with a rebound.
15:56 of 3rd period - Slapshot by Radko Gudas.
15:56 of 3rd period - Stopped by Jake Oettinger without a rebound.
15:57 of 3rd period - Ross Colton wins face-off versus Adam Henrique in Coyotes zone.
16:16 of 3rd period - Marc Staal is hit by Chris Kreider and loses puck.
16:21 of 3rd period - Slapshot by Chris Kreider.
16:21 of 3rd period - Deflect By Chris Tierney.
16:21 of 3rd period - Goal by Chris Tierney - Oilers : 2 - Coyotes : 2.
16:22 of 3rd period - Jared McCann wins face-off versus Ross Colton in neutral zone.
16:27 of 3rd period - Slapshot by Jack Johnson.
16:27 of 3rd period - Stopped by Jake Oettinger without a rebound.
16:28 of 3rd period - Ross Colton wins face-off versus Jared McCann in Coyotes zone.
16:28 of 3rd period - Ross Colton is hit by Jack Johnson.
16:52 of 3rd period - Wrist shot by Noah Gregor.
16:52 of 3rd period - Shot Misses the Net.
16:54 of 3rd period - Wrist shot by Wade Allison.
16:54 of 3rd period - Oilers goal is going for a video replay.
16:54 of 3rd period - The goal is refused. The referee deems the play has been stopped, even if he had not physically had the opportunity to stop play by blowing his whistle..
16:55 of 3rd period - Tim Stützle wins face-off versus Chris Tierney in Coyotes zone.
17:02 of 3rd period - Snap shot by Alex DeBrincat.
17:02 of 3rd period - Shot Misses the Net.
17:12 of 3rd period - Wrist shot by Alex DeBrincat.
17:12 of 3rd period - Stopped by Cam Talbot without a rebound.
17:13 of 3rd period - Ross Colton wins face-off versus Noah Gregor in Oilers zone.
17:24 of 3rd period - Snap shot by Jared McCann.
17:24 of 3rd period - Shot Blocked by Marc Staal.
17:40 of 3rd period - Tim Stützle is hit by Chris Kreider and loses puck.
17:46 of 3rd period - Minor Penalty to Jordan Eberle for Goalie Interference.
17:47 of 3rd period - Ross Colton wins face-off versus Adam Henrique in Coyotes zone.
18:10 of 3rd period - Brett Kulak is hit by Taylor Raddysh and loses puck.
18:51 of 3rd period - Icing by Chris Kreider.
18:52 of 3rd period - Ross Colton wins face-off versus Adam Henrique in Oilers zone.
19:03 of 3rd period - Wrist shot by Jared McCann.
19:03 of 3rd period - Shot Misses the Net.
19:05 of 3rd period - Snap shot by Rasmus Dahlin.
19:05 of 3rd period - Shot Blocked by Brayden McNabb.
19:07 of 3rd period - Slapshot by Brett Kulak.
19:07 of 3rd period - Shot Misses the Net.
19:09 of 3rd period - Slapshot by Rasmus Dahlin.
19:09 of 3rd period - Stopped by Jake Oettinger with a rebound.
19:11 of 3rd period - Snap shot by Jared McCann.
19:11 of 3rd period - Stopped by Jake Oettinger with a rebound.
19:13 of 3rd period - Backhand shot by Frank Vatrano.
19:13 of 3rd period - Stopped by Jake Oettinger without a rebound.
19:14 of 3rd period - Ross Colton wins face-off versus Frank Vatrano in Coyotes zone.
19:38 of 3rd period - Jared McCann is hit by Alex DeBrincat and loses puck.
19:46 of 3rd period - Penalty to Jordan Eberle is over, Jordan Eberle is back on ice.
Goals for this period are 1 for Oilers vs 0 for Coyotes.
Shots for this period are 13 for Oilers vs 8 for Coyotes.

Overtime #1


0:01 of 1st overtime period - Rem Pitlick wins face-off versus Adam Henrique in neutral zone.
0:10 of 1st overtime period - Snap shot by Adam Henrique.
0:10 of 1st overtime period - Stopped by Jake Oettinger without a rebound.
0:11 of 1st overtime period - Adam Henrique wins face-off versus Rem Pitlick in Coyotes zone.
0:12 of 1st overtime period - Snap shot by Boris Katchouk.
0:12 of 1st overtime period - Deflect By Rem Pitlick.
0:12 of 1st overtime period - Shot Misses the Net.
0:12 of 1st overtime period - Puck is out of play.
0:13 of 1st overtime period - Adam Henrique wins face-off versus Rem Pitlick in Coyotes zone.
0:28 of 1st overtime period - Wrist shot by Rem Pitlick.
0:28 of 1st overtime period - Shot Blocked by Boris Katchouk.
0:39 of 1st overtime period - Icing by Jacob Bryson.
0:40 of 1st overtime period - Rem Pitlick wins face-off versus Adam Henrique in Coyotes zone.
1:10 of 1st overtime period - Off-side.
1:11 of 1st overtime period - Ross Colton wins face-off versus Chris Tierney in neutral zone.
1:27 of 1st overtime period - Jake DeBrusk is hit by Chris Tierney and loses puck.
3:22 of 1st overtime period - Icing by Rasmus Dahlin.
3:23 of 1st overtime period - Adam Henrique wins face-off versus Rem Pitlick in Oilers zone.
3:43 of 1st overtime period - Icing by Jacob Bryson.
3:44 of 1st overtime period - Chris Tierney wins face-off versus Ross Colton in Coyotes zone.
3:45 of 1st overtime period - Wrist shot by Denis Malgin.
3:45 of 1st overtime period - Shot Misses the Net.
3:53 of 1st overtime period - Denis Malgin is hit by Alex DeBrincat.
Goals for this period are 0 for Oilers vs 0 for Coyotes.
Shots for this period are 1 for Oilers vs 0 for Coyotes.

ShootOut


5:00 of 1st overtime period - Round #1.
5:00 of 1st overtime period - Oilers, Rasmus Dahlin.
5:00 of 1st overtime period - Deke by Rasmus Dahlin.
5:00 of 1st overtime period - Shot Misses the Net.
5:00 of 1st overtime period - Coyotes, Tim Stützle.
5:00 of 1st overtime period - Snap shot by Tim Stützle.
5:00 of 1st overtime period - Shot Misses the Net.
5:00 of 1st overtime period - Round #2.
5:00 of 1st overtime period - Oilers, Adrian Kempe.
5:00 of 1st overtime period - Snap shot by Adrian Kempe.
5:00 of 1st overtime period - Stopped by Jake Oettinger.
5:00 of 1st overtime period - Coyotes, Alex DeBrincat.
5:00 of 1st overtime period - Deke by Alex DeBrincat.
5:00 of 1st overtime period - Stopped by Cam Talbot.
5:00 of 1st overtime period - Round #3.
5:00 of 1st overtime period - Oilers, Jared McCann.
5:00 of 1st overtime period - Deke by Jared McCann.
5:00 of 1st overtime period - Goal by Jared McCann.
5:00 of 1st overtime period - Coyotes, Patrick Kane.
5:00 of 1st overtime period - Wrist shot by Patrick Kane.
5:00 of 1st overtime period - Stopped by Cam Talbot.